 Dungeon Crawl Stone Soup version 0.17-a0-764-gd40c196 (console) character file.

764 sose the Grave Robber (level 7, -2/35 HPs)
             Began as a Vine Stalker Necromancer on Apr 23, 2015.
             Slain by a centaur (5 damage)
             ... on level 6 of the Dungeon.
             The game lasted 00:12:01 (3856 turns).

sose the Grave Robber (Vine Stalker Necromancer)    Turns: 3856, Time: 00:12:03

Health: -2/35      AC:  5    Str: 10    XL:     7   Next: 81%
Magic:  0/13       EV: 13    Int: 17    God:
Gold:   139        SH:  0    Dex: 15    Spells: 5 memorised, 1 level left

rFire  . . .     SeeInvis .     g - +2 whip (venom)
rCold  . . .     Clarity  .     s - +2 robe {rN+}
rNeg   + . .     SustAb   .     (no shield)
rPois  .         Gourm    .     (no helmet)
rElec  .         Spirit   +     (no cloak)
rCorr  .         Warding  .     (no gloves)
rMut   .         Stasis   .     (no boots)
MR     .....                    (no amulet)
Stlth  ++........               (no ring)
                                (no ring)

@: not resistant to hostile enchantments, unstealthy
A: fangs 2, regeneration 2, shaggy fur 1, magic shield, antimagic bite, no
device heal 3, rot immunity
a: no special abilities


You were on level 6 of the Dungeon.
You were not hungry.

You visited 1 branch of the dungeon, and saw 6 of its levels.

You collected 139 gold pieces.

Inventory:

Hand weapons
 g - a +2 whip of venom (weapon)
 E - the +3 hunting sling "Murmur" {velocity, -Tele rF- rN+++ MR+}
   (You found it on level 5 of the Dungeon)

   Any stone fired from it inflicts extra damage.
   It makes you vulnerable to fire.
   It renders you almost immune to negative energy.
   It affects your resistance to hostile enchantments.
   It prevents most forms of teleportation.
Armour
 s - a +2 robe of positive energy (worn)
Magical devices
 F - a wand of random effects (47)
Scrolls
 a - 2 scrolls of fog
 d - 2 scrolls of identify
 f - a scroll of recharging
 h - a scroll of immolation
 i - 2 scrolls of enchant armour
 l - 2 scrolls of remove curse
 m - a scroll of fear {unknown}
 u - 3 scrolls of magic mapping {unknown}
 w - 3 scrolls of enchant weapon {unknown}
 y - a scroll of blinking
 D - a scroll of random uselessness
Potions
 e - a potion of lignification
 j - 2 potions of curing
 k - 3 potions of ambrosia
 n - 2 potions of cure mutation
 r - a potion of poison
 t - 2 potions of haste
 v - a potion of agility
 x - a potion of resistance
 z - a potion of berserk rage
 A - 2 potions of might
 C - a potion of degeneration
Books
 b - a book of Necromancy

   Spells                             Type                      Level
   a - Pain                           Necromancy                   1
   b - Animate Skeleton               Necromancy                   1
   c - Vampiric Draining              Necromancy                   3
   d - Regeneration                   Charms/Necromancy            3
   e - Animate Dead                   Necromancy                   4
   f - Control Undead                 Necromancy                   4
Comestibles
 c - 3 bread rations
 o - 3 meat rations


   Skills:
 + Level 2.9 Fighting
 + Level 3.0 Dodging
 - Level 2.4 Stealth
 + Level 3.6 Spellcasting
 + Level 2.2 Charms
 + Level 7.0 Necromancy


You had one spell level left.
You knew the following spells:

 Your Spells              Type           Power        Failure   Level  Hunger
a - Pain                  Necr           ####         1%          1    None
b - Animate Skeleton      Necr           N/A          1%          1    None
c - Vampiric Draining     Necr           ####......   3%          3    ###....
d - Regeneration          Chrm/Necr      ###.......   10%         3    ###....
e - Animate Dead          Necr           N/A          12%         4    ####...


Dungeon Overview and Level Annotations

Branches:
Dungeon (6/15)
 Temple: D:4-7

Altars:
Fedhas
Gozag
Kikubaaqudgha
Qazlal
Sif Muna
Zin
The Shining One

Shops:
D:3 *


Innate Abilities, Weirdness & Mutations

You have extremely sharp teeth.
You heal very quickly.
You are covered in fur (AC +1).
When hurt, damage is shared between your health and your magic reserves.
Your bite disrupts and absorbs the magic of your enemies.
Potions and wands cannot restore your health.
You are immune to rotting.


Message History

The centaur is moderately wounded.
The centaur hits you but does no damage.
Your sky beast zombie hits the centaur.
The centaur closely misses you.
You barely miss the centaur. You bite the centaur. You drain its power.
You feel invigorated.
The centaur is heavily wounded.
The centaur hits you.
* * * LOW HITPOINT WARNING * * *
Your sky beast zombie hits the centaur.
The centaur hits your sky beast zombie!
You closely miss the centaur.
The centaur is heavily wounded.
The centaur hits you but does no damage.
Your sky beast zombie barely misses the centaur.
You hit the centaur. You bite the centaur. You drain its power.
You feel invigorated.
The centaur is severely wounded.
The centaur hits you!
* * * LOW HITPOINT WARNING * * *
The centaur hits you.
You die...

#.######.
#........#
#........#
#........#
#........#
#..F....c#
#.######.#
#..(...#.#
#Z@(.....#
#c####.###
#.####.#
#....c.#
#####
#......#
#...###
#..c...#
#......
#......#
#....#
#......#
#....#
#......#
#...<#


You could see a centaur and a friendly sky beast zombie.

Vanquished Creatures
  An ogre (D:5)
  A sky beast (D:6)
  A giant frog (D:6)
  A giant frog zombie (D:5)
  2 hounds (D:5)
  A giant frog skeleton (D:4)
  3 orc wizards (D:3)
  Jessica (D:2)
  2 worker ants (D:4)
  Natasha (twice) (D:2)
  3 gnolls (D:5)
  6 adders
  2 oozes
  6 giant geckos
  10 orcs
  3 ball pythons
  A bat skeleton (D:5)
  A goblin (D:1)
  7 hobgoblins
  9 jackals
  11 kobolds
  A ball python zombie (D:5)
  8 bats
  7 giant cockroaches
  3 giant newts
  A quokka zombie (D:5)
  9 rats
103 creatures vanquished.

Vanquished Creatures (collateral kills)
  A worker ant (D:5)
  A gnoll (D:5)
  A shadow imp (D:5)
  A jackal (D:2)
  A quokka (D:2)
  A bat (D:2)
  A rat (D:5)
7 creatures vanquished.

Grand Total: 110 creatures vanquished

Notes
Turn   | Place    | Note
--------------------------------------------------------------
     0 | D:1      | sose, the Vine Stalker Necromancer, began the quest for the Orb.
     0 | D:1      | Reached XP level 1. HP: 9/9 MP: 4/4
     5 | D:1      | Learned a level 1 spell: Animate Skeleton
    91 | D:1      | Reached XP level 2. HP: 11/13 MP: 6/6
   577 | D:2      | Reached XP level 3. HP: 16/16 MP: 7/7
   586 | D:2      | Reached skill level 5 in Necromancy
   612 | D:2      | Found a deep blue altar of Sif Muna.
   739 | D:2      | Noticed Natasha
   744 | D:2      | Killed Natasha
   744 | D:2      | Reached XP level 4. HP: 6/21 MP: 1/8
   749 | D:2      | Learned a level 3 spell: Vampiric Draining
   820 | D:2      | Noticed Jessica
   824 | D:2      | Killed Jessica
   986 | D:2      | Your ally Jessica died
   994 | D:2      | Noticed Natasha
   998 | D:2      | Killed Natasha
   998 | D:2      | Reached skill level 6 in Necromancy
  1359 | D:3      | Reached XP level 5. HP: 24/24 MP: 7/9
  1454 | D:3      | Reached skill level 1 in Fighting
  1805 | D:3      | Found a glowing golden altar of the Shining One.
  1837 | D:3      | Found Gozag's Platinum Reserve.
  1837 | D:3      | Found an opulent altar of Gozag.
  1855 | D:3      | Gained mutation: You heal very quickly. [Vine Stalker growth]
  1855 | D:3      | Reached XP level 6. HP: 25/30 MP: 2/11
  2112 | D:4      | Learned a level 3 spell: Regeneration
  2649 | D:4      | Found an ancient bone altar of Kikubaaqudgha.
  2650 | D:4      | Found a blossoming altar of Fedhas.
  2734 | D:4      | Found a glowing silver altar of Zin.
  2734 | D:4      | Found a stormy altar of Qazlal.
  2927 | D:5      | Entered Level 5 of the Dungeon
  2934 | D:5      | Reached skill level 1 in Charms
  3207 | D:5      | Reached XP level 7. HP: 32/35 MP: 9/12
  3288 | D:5      | Got an ichor-stained hunting sling
  3345 | D:5      | Identified the cursed +3 hunting sling "Murmur" {velocity, -Tele rF- rN+++ MR+} (You found it on level 5 of the Dungeon)
  3818 | D:6      | Learned a level 4 spell: Animate Dead
  3844 | D:6      | Reached skill level 7 in Necromancy
  3856 | D:6      | Slain by a centaur

Action                   |  1- 3 |  4- 6 |  7- 9 || total
-------------------------+-------+-------+-------++-------
Melee: Whip              |    50 |   128 |    35 ||   213
       Unarmed           |     2 |       |       ||     2
 Cast: Pain              |    11 |    53 |     6 ||    70
       Vampiric Draining |       |     4 |     1 ||     5
       Animate Skeleton  |       |     2 |     3 ||     5
       Animate Dead      |       |       |     1 ||     1
  Use: Scroll            |       |       |    19 ||    19
 Stab: Sleeping          |     1 |     6 |     1 ||     8
  Eat: Chunk             |       |     7 |     2 ||     9
       Pizza             |       |       |     1 ||     1
